SR
ATHLETIC CLUB KC U-21 @ GERMANTOWN URUGUAYANS
08/07/2033
 
TOP OF THE 1ST
Athletic Club KC U-21 batting - Pitching for Germantown Uruguayans : RHP Willis Pittman
Pitching: RHP Willis Pittman
Batting: RHB Woody Thomas 0-0: Called Strike
0-1: Ball
1-1: Ball
2-1: Ground out 4-3 (Groundball, 4)
Batting: RHB Rodrigo Sousa 0-0: Ball
1-0: Ground out 5-3 (Groundball, 5L)
Batting: RHB John Ricks 0-0: Called Strike
0-1: Foul Ball, location: 2F
0-2: Ball
1-2: Ground out 4-3 (Groundball, 4)
Top of the 1st over - 0 runs, 0 hits, 0 errors, 0 left on base; Athletic Club KC 0 - Germantown 0
BOTTOM OF THE 1ST
Germantown Uruguayans batting - Pitching for Athletic Club KC U-21 : RHP Jorge Moreno
Pitching: RHP Jorge Moreno
Batting: RHB Joshua Neal 0-0: Called Strike
0-1: Ball
1-1: Foul Ball, location: 2F
1-2: Strikes out swinging
Batting: RHB Scipione Borghese 0-0: Swinging Strike
0-1: Ball
1-1: Ball
2-1: Ball
3-1: Foul Ball, location: 2F
3-2: Strikes out swinging
Batting: LHB Felipe Dávila 0-0: Fly out, F7 (Line Drive, 7D)
Bottom of the 1st over - 0 runs, 0 hits, 0 errors, 0 left on base; Athletic Club KC 0 - Germantown 0
TOP OF THE 2ND
Athletic Club KC U-21 batting - Pitching for Germantown Uruguayans : RHP Willis Pittman
Batting: RHB Gabriel Camparán 0-0: Called Strike
0-1: Ball
1-1: Ground out 6-3 (Groundball, 6S)
Batting: RHB Domingo Zamora 0-0: Called Strike
0-1: Foul Ball, location: 2F
0-2: Strikes out swinging
Batting: RHB Elias Klomp 0-0: Foul Ball, location: 2F
0-1: Foul Ball, location: 2F
0-2: Strikes out looking
Top of the 2nd over - 0 runs, 0 hits, 0 errors, 0 left on base; Athletic Club KC 0 - Germantown 0
BOTTOM OF THE 2ND
Germantown Uruguayans batting - Pitching for Athletic Club KC U-21 : RHP Jorge Moreno
Batting: RHB Kian Curling 0-0: SINGLE (Line Drive, 9LS)
Batting: LHB Juan Gutiérrez 0-0: Called Strike
Kian Curling steals 2nd base
0-1: Ball
1-1: Ball
2-1: Ball
3-1: Swinging Strike
3-2: Foul Ball, location: 2F
3-2: Base on Balls
Batting: RHB José Ortega 0-0: Ball
1-0: Grounds into double play, 6-4-3 (Groundball, 6D)
Kian Curling to third
Batting: LHB Rafael Barrueco 0-0: Foul Ball, location: 2F
0-1: Called Strike
0-2: Ground out 4-3 (Groundball, 4)
Bottom of the 2nd over - 0 runs, 1 hit, 0 errors, 1 left on base; Athletic Club KC 0 - Germantown 0
TOP OF THE 3RD
Athletic Club KC U-21 batting - Pitching for Germantown Uruguayans : RHP Willis Pittman
Batting: RHB Rafael Cortéz 0-0: SINGLE (Groundball, 6MD)
Batting: LHB Todd Baker 0-0: Ball
1-0: Ball
2-0: Ball
3-0: Called Strike
3-1: SINGLE (Line Drive, 9S)
Rafael Cortéz to second
Batting: SHB Josh Moxon 0-0: Fielders Choice at 2nd, 4-6 (Groundball, 4)
Rafael Cortéz to third
Batting: RHB Woody Thomas 0-0: Called Strike
0-1: Ball
Josh Moxon is caught stealing 2nd base
1-1: Foul Ball, location: 2F
1-2: Ground out 3-1 (Groundball, 34)
Top of the 3rd over - 0 runs, 2 hits, 0 errors, 1 left on base; Athletic Club KC 0 - Germantown 0
BOTTOM OF THE 3RD
Germantown Uruguayans batting - Pitching for Athletic Club KC U-21 : RHP Jorge Moreno
Batting: SHB Ramón Muńóz 0-0: Ball
1-0: Ball
2-0: Ball
3-0: Called Strike
3-1: Foul Ball, location: 2F
3-2: Base on Balls
Batting: RHB Jurgen Flurgenburgen 0-0: Ball
1-0: Foul Ball, location: 2F
1-1: Foul Ball, location: 2F
1-2: Strikes out swinging
Batting: RHB Joshua Neal 0-0: Called Strike
0-1: Ball
1-1: Foul Ball, location: 2F
1-2: Foul Ball, location: 2F
1-2: Strikes out swinging
Batting: RHB Scipione Borghese 0-0: Foul Ball, location: 2F
0-1: Ball
1-1: Foul Ball, location: 2F
1-2: Fly out, F7 (Flyball, 7)
Bottom of the 3rd over - 0 runs, 0 hits, 0 errors, 1 left on base; Athletic Club KC 0 - Germantown 0
TOP OF THE 4TH
Athletic Club KC U-21 batting - Pitching for Germantown Uruguayans : RHP Willis Pittman
Batting: RHB Rodrigo Sousa 0-0: Foul Ball, location: 2F
0-1: Ball
1-1: Ball
2-1: Foul Ball, location: 2F
2-2: Ball
3-2: Base on Balls
Batting: RHB John Ricks 0-0: Called Strike
0-1: Ball
1-1: Foul Ball, location: 2F
1-2: Strikes out swinging
Batting: RHB Gabriel Camparán 0-0: Ball
1-0: Swinging Strike
1-1: Called Strike
1-2: Foul Ball, location: 2F
1-2: Ball
Balk!
Rodrigo Sousa to second
2-2: Ball
3-2: Base on Balls
Batting: RHB Domingo Zamora 0-0: Foul Ball, location: 2F
0-1: Ball
1-1: Swinging Strike
1-2: Strikes out swinging
Batting: RHB Elias Klomp 0-0: Foul Ball, location: 2F
0-1: DOUBLE (Line Drive, 7LM)
Rodrigo Sousa scores
Gabriel Camparán to third
Batting: RHB Rafael Cortéz 0-0: Ball
1-0: Called Strike
1-1: Foul Ball, location: 2F
1-2: Ball
2-2: Strikes out swinging
Top of the 4th over - 1 run, 1 hit, 0 errors, 2 left on base; Athletic Club KC 1 - Germantown 0
BOTTOM OF THE 4TH
Germantown Uruguayans batting - Pitching for Athletic Club KC U-21 : RHP Jorge Moreno
Batting: LHB Felipe Dávila 0-0: Ball
1-0: Foul Ball, location: 2F
1-1: SOLO HOME RUN (Flyball, 9LD), Distance : 343 ft
Batting: RHB Kian Curling 0-0: Called Strike
0-1: Ball
1-1: Foul Ball, location: 2F
1-2: Ball
2-2: Fly out, F3 (Popup, 3F)
Batting: LHB Juan Gutiérrez 0-0: Ball
1-0: Called Strike
1-1: Ball
2-1: Foul Ball, location: 2F
2-2: Ground out 6-3 (Groundball, 6)
Batting: RHB José Ortega 0-0: Ball
1-0: Ball
2-0: Ground out 5-3 (Groundball, 56)
Bottom of the 4th over - 1 run, 1 hit, 0 errors, 0 left on base; Athletic Club KC 1 - Germantown 1
TOP OF THE 5TH
Athletic Club KC U-21 batting - Pitching for Germantown Uruguayans : RHP Willis Pittman
Batting: LHB Todd Baker 0-0: Ball
1-0: Ball
2-0: Ground out 4-3 (Groundball, 34)
Batting: SHB Josh Moxon 0-0: Ground out U3 (Groundball, 34S)
Batting: RHB Woody Thomas 0-0: Ball
1-0: Called Strike
1-1: Ball
2-1: Ball
3-1: Called Strike
3-2: Ground out 1-3 (Groundball, 15S)
Top of the 5th over - 0 runs, 0 hits, 0 errors, 0 left on base; Athletic Club KC 1 - Germantown 1
BOTTOM OF THE 5TH
Germantown Uruguayans batting - Pitching for Athletic Club KC U-21 : RHP Jorge Moreno
Batting: LHB Rafael Barrueco 0-0: Ball
1-0: Ball
2-0: Foul Ball, location: 2F
2-1: SINGLE (Flyball, 7S)
Batting: SHB Ramón Muńóz 0-0: Sac Bunt - play at second, runner OUT! 1-6
Batting: RHB Jurgen Flurgenburgen 0-0: Ball
1-0: Fly out, F8 (Line Drive, 89D)
Batting: RHB Joshua Neal 0-0: Ball
1-0: Ball
2-0: Foul Ball, location: 2F
2-1: DOUBLE (Line Drive, 7LM)
Ramón Muńóz to third
Runner from 3rd tries for Home, SAFE, no throw
Batting: RHB Scipione Borghese 0-0: Called Strike
0-1: Ball
1-1: Foul Ball, location: 2F
1-2: Fly out, F6 (Line Drive, 6)
Bottom of the 5th over - 1 run, 2 hits, 0 errors, 1 left on base; Athletic Club KC 1 - Germantown 2
TOP OF THE 6TH
Athletic Club KC U-21 batting - Pitching for Germantown Uruguayans : RHP Willis Pittman
Batting: RHB Rodrigo Sousa 0-0: Foul Ball, location: 2F
0-1: Called Strike
0-2: Ball
1-2: Ball
2-2: Ground out 4-3 (Groundball, 4)
Batting: RHB John Ricks 0-0: Ball
1-0: Ball
2-0: Called Strike
2-1: SINGLE (Groundball, 6MD)
Batting: RHB Gabriel Camparán 0-0: Ball
1-0: Foul Ball, location: 2F
1-1: Called Strike
1-2: Ball
2-2: Ball
3-2: Fly out, F3 (Popup, 23F)
Batting: RHB Domingo Zamora 0-0: Fly out, F7 (Flyball, 7)
Top of the 6th over - 0 runs, 1 hit, 0 errors, 1 left on base; Athletic Club KC 1 - Germantown 2
BOTTOM OF THE 6TH
Germantown Uruguayans batting - Pitching for Athletic Club KC U-21 : RHP Jorge Moreno
Batting: LHB Felipe Dávila 0-0: Ground out 1-3 (Groundball, 15S)
Batting: RHB Kian Curling 0-0: Called Strike
0-1: Ball
1-1: Reached on error, E4 (Groundball, 4)
Batting: LHB Juan Gutiérrez 0-0: Ball
1-0: Foul Ball, location: 2F
1-1: Foul Ball, location: 2F
1-2: Foul Ball, location: 2F
1-2: Ball
2-2: Ball
3-2: Fly out, F8 (Flyball, 8RD)
Batting: RHB José Ortega 0-0: Ball
Kian Curling steals 2nd base
1-0: Ball
2-0: Called Strike
2-1: Ground out 6-3 (Groundball, 6)
Bottom of the 6th over - 0 runs, 0 hits, 1 error, 1 left on base; Athletic Club KC 1 - Germantown 2
TOP OF THE 7TH
Athletic Club KC U-21 batting - Pitching for Germantown Uruguayans : RHP Willis Pittman
Batting: RHB Elias Klomp 0-0: Ball
1-0: Ball
2-0: Foul Ball, location: 2F
2-1: Foul Ball, location: 2F
2-2: Ball
3-2: Fly out, F7 (Flyball, 7D)
Batting: RHB Rafael Cortéz 0-0: Ball
1-0: Ball
2-0: Called Strike
2-1: Ball
3-1: Base on Balls
Pitching: LHP Bradley Leeder
Pinch Hitting: RHB Fu Chen 0-0: Ball
1-0: Called Strike
1-1: Ball
2-1: Foul Ball, location: 2F
2-2: Fly out, F9 (Flyball, 89S)
Batting: SHB Josh Moxon 0-0: Foul Ball, location: 2F
0-1: Ball
1-1: Foul Ball, location: 2F
1-2: Strikes out looking
Top of the 7th over - 0 runs, 0 hits, 0 errors, 1 left on base; Athletic Club KC 1 - Germantown 2
BOTTOM OF THE 7TH
Germantown Uruguayans batting - Pitching for Athletic Club KC U-21 : RHP Jorge Moreno
Now in RF: Fu Chen
Batting: LHB Rafael Barrueco 0-0: Called Strike
0-1: Fly out, F3 (Popup, 34)
Pitching: RHP Pat Cox
Batting: SHB Ramón Muńóz 0-0: Foul Ball, location: 2F
0-1: Swinging Strike
0-2: SINGLE (Groundball, 56D)
Batting: RHB Jurgen Flurgenburgen 0-0: Ball
1-0: Foul Ball, location: 2F
1-1: Swinging Strike
1-2: Strikes out swinging
Batting: RHB Joshua Neal 0-0: Ball
1-0: Called Strike
1-1: Called Strike
1-2: Ball
2-2: Foul Ball, location: 2F
2-2: Strikes out swinging
Bottom of the 7th over - 0 runs, 1 hit, 0 errors, 1 left on base; Athletic Club KC 1 - Germantown 2
TOP OF THE 8TH
Athletic Club KC U-21 batting - Pitching for Germantown Uruguayans : LHP Bradley Leeder
Now in RF: Sasha Orlovsky
Batting: RHB Woody Thomas 0-0: Called Strike
0-1: Ball
1-1: Foul Ball, location: 2F
1-2: Foul Ball, location: 2F
1-2: Fly out, F9 (Flyball, 9)
Batting: RHB Rodrigo Sousa 0-0: Ground out 6-3 (Groundball, 6D)
Batting: RHB John Ricks 0-0: Ball
1-0: Foul Ball, location: 2F
1-1: Foul Ball, location: 2F
1-2: Ground out 4-3 (Groundball, 4)
Top of the 8th over - 0 runs, 0 hits, 0 errors, 0 left on base; Athletic Club KC 1 - Germantown 2
BOTTOM OF THE 8TH
Germantown Uruguayans batting - Pitching for Athletic Club KC U-21 : RHP Pat Cox
Batting: RHB Scipione Borghese 0-0: Foul Ball, location: 2F
0-1: Foul Ball, location: 2F
0-2: Reached on error, E3 (Groundball, 34S)
Batting: LHB Felipe Dávila 0-0: Ball
1-0: Called Strike
1-1: Swinging Strike
1-2: Grounds into double play, 4-6-3 (Groundball, 4)
Batting: RHB Kian Curling 0-0: Swinging Strike
0-1: Ball
1-1: Ground out 4-3 (Groundball, 4)
Bottom of the 8th over - 0 runs, 0 hits, 1 error, 0 left on base; Athletic Club KC 1 - Germantown 2
TOP OF THE 9TH
Athletic Club KC U-21 batting - Pitching for Germantown Uruguayans : LHP Bradley Leeder
Pitching: LHP Armando Álvarez
Now at SS: Masamune Ueda
Batting: RHB Gabriel Camparán 0-0: Swinging Strike
0-1: Ball
1-1: Ball
2-1: Fly out, F9 (Flyball, 9)
Batting: RHB Domingo Zamora 0-0: Called Strike
0-1: Called Strike
0-2: Ball
1-2: Ball
2-2: Ball
3-2: Strikes out swinging
Batting: RHB Elias Klomp 0-0: Foul Ball, location: 2F
0-1: Called Strike
0-2: Strikes out swinging
Top of the 9th over - 0 runs, 0 hits, 0 errors, 0 left on base; Athletic Club KC 1 - Germantown 2
Saturday, December 22nd, 2018 - OOTP Baseball 18.8 Build 76